 Dungeon Crawl Stone Soup version 0.30-a0-702-gdf48620a09 (webtiles) character file.

Game seed: 15680631351013684401

552589 ragingrage the Warrior (level 26, -22/254 HPs)
             Began as an Ogre Ice Elementalist on Jan 20, 2023.
             Was a High Priest of Sif Muna.
             Annihilated by Vv (58 damage)
             ... on level 1 of the Realm of Zot on Jan 21, 2023.
             The game lasted 03:31:26 (118498 turns).

ragingrage the Warrior (Ogre Ice Elementalist)    Turns: 118498, Time: 03:31:27

Health: -22/254    AC: 13    Str: 19    XL:     26   Next: 36%
Magic:  11/43      EV: 18    Int: 27    God:    Sif Muna [*****.]
Gold:   1391       SH: 16    Dex: 11    Spells: 4/57 levels left

rFire   + . .      SeeInvis .    a - staff of conjuration
rCold   . . .      Faith    .    z - +0 kite shield
rNeg    + . .      Spirit   .    T - +2 robe {rC+ rF+}
rPois   +          Reflect  .    n - +5 hat of Integrity {Harm rElec rC-}
rElec   +          Harm     +    S - +2 cloak {rPois}
rCorr   +          Rampage  .    (gloves unavailable)
Will    +++..                    (boots unavailable)
Stlth   +++                      k - amulet of regeneration
HPRegen 1.42/turn                O - ring "Azxuzaq" {rN+ Will+ rCorr Int+5}
MPRegen 0.28/turn                C - +5 ring of evasion

@: very slightly contaminated, studying Axes
A: large, unfitting armour, tough skin 1, hooves 1, large bone plates 1,
deformed body, frail 1
}: 3/15 runes: decaying, slimy, gossamer
a: Renounce Religion, Channel Magic, Forget Spell, Divine Exegesis


You were on level 1 of the Realm of Zot.
You worshipped Sif Muna.
Sif Muna was extremely pleased with you.
You visited 11 branches of the dungeon, and saw 48 of its levels.
You visited the Abyss 2 times.
You also visited: Ossuary and Volcano.

You collected 6300 gold pieces.
You spent 4909 gold pieces at shops.

Inventory:

Hand Weapons
 b - the +9 demon blade of Hard Scrabble {elec, rCorr Int+4}
   (You acquired it on level 3 of the Lair of Beasts)

   Int:       It affects your intelligence (+4).
   rCorr:     It protects you from acid and corrosion.
 c - a +2 eudemon blade of holy wrath
 o - the +7 hand axe "Neukhlu" {pain, rElec Str+3}
   (You found it on level 1 of the Depths)

   Str:       It affects your strength (+3).
   rElec:     It insulates you from electricity.
Missiles
 V - 73 large rocks
 X - 2 throwing nets
Armour
 j - the +5 fire dragon scales of Focus {rF++ rC- Dex+3}
   (You bought it in a shop on level 3 of the Elven Halls)

   Dex:       It affects your dexterity (+3).
   rF:        It greatly protects you from fire.
   rC:        It makes you vulnerable to cold.
 n - the +5 hat of Integrity (worn) {Harm rElec rC-}
   (You acquired it on level 15 of the Dungeon)

   rC:        It makes you vulnerable to cold.
   rElec:     It insulates you from electricity.
   Harm:      It increases damage dealt and taken.
 z - a +0 kite shield (worn)
 S - a +2 cloak of poison resistance (worn)
 T - a +2 robe of resistance (worn)
Magical Staves
 a - a staff of conjuration (weapon)
Jewellery
 k - an amulet of regeneration (around neck)
 C - a +5 ring of evasion (right hand)
 O - the ring "Azxuzaq" (left hand) {rN+ Will+ rCorr Int+5}
   (You took it off a deep elf demonologist on level 3 of the Elven Halls)

   [ring of willpower]

   Int:       It affects your intelligence (+5).
   rN:        It protects you from negative energy.
   rCorr:     It protects you from acid and corrosion.
   Will:      It increases your willpower.
Wands
 g - a wand of digging (23)
 y - a wand of paralysis (30)
 E - a wand of flame (106)
 M - a wand of iceblast (46)
 W - a wand of quicksilver (2)
Scrolls
 e - 12 scrolls of blinking
 q - 2 scrolls of fog
 r - 3 scrolls of vulnerability
 u - 4 scrolls of butterflies
 x - 3 scrolls of poison
 D - 6 scrolls of fear
 G - 12 scrolls of teleportation
 J - 4 scrolls of enchant weapon
 K - 10 scrolls of immolation
 P - 2 scrolls of enchant armour
 Y - a scroll of silence
 Z - 3 scrolls of torment
Potions
 d - 4 potions of might
 f - 9 potions of ambrosia
 h - 8 potions of berserk rage
 i - 9 potions of heal wounds
 m - 10 potions of haste
 p - 6 potions of magic
 v - 3 potions of resistance
 w - 23 potions of curing
 A - 16 potions of attraction
 B - 13 potions of lignification
 H - 9 potions of invisibility
 N - 4 potions of mutation
 Q - 5 potions of brilliance
 R - 7 potions of flight
 U - 6 potions of cancellation
Miscellaneous
 l - a box of beasts
 s - a condenser vane
 t - a phial of floods
 F - a tin of tremorstones (1/2)
 I - a phantom mirror
 L - a lightning rod (4/4)


   Skills:
 - Level 20.0 Fighting
 - Level 12.0 Long Blades
 - Level 7.4 Armour
 - Level 12.0 Dodging
 - Level 7.0 Stealth
 + Level 14.4 Shields
 - Level 16.0 Spellcasting
 - Level 18.0 Conjurations
 - Level 3.0 Hexes
 + Level 9.5 Summonings
 - Level 4.0 Transmutations
 - Level 3.0 Fire Magic
 - Level 9.0 Ice Magic
 - Level 5.0 Air Magic
 - Level 16.0 Invocations
 - Level 14.5 Evocations


You had 4 spell levels left.
You knew the following spells:

 Your Spells              Type           Power      Damage    Failure   Level
a - Spellforged Servitor  Conj/Summ      48%        N/A       11%         7
b - Ozocubu's Armour      Ice            63%        N/A       1%          3
c - Stone Arrow           Conj/Erth      100%       3d13      1%          3
d - Irradiate             Conj/Tmut      44%        3d26      1%          5
e - Inner Flame           Hex/Fire       37%        N/A       3%          3
f - Freezing Cloud        Conj/Ice/Air   43%        6-21      1%          5
g - Hailstorm             Conj/Ice       96%        3d19      1%          3
h - Swiftness             Air            48%        N/A       1%          3
i - Ice Form              Ice/Tmut       54%        N/A       2%          4
j - Frozen Ramparts       Ice            100%       1d16      1%          3
k - Orb of Destruction    Conj           54%        9d14      1%          7
l - Wereblood             Tmut           43%        N/A       1%          2
m - Iskenderun's Battles  Conj           100%       2d15      1%          5

Your spell library contained the following spells:

 Spells                   Type           Power      Damage    Failure   Level
 Magic Dart               Conj           100%       1d8       0%          1
 Searing Ray              Conj           100%       2d8       0%          2
 Beastly Appendage        Tmut           86%        N/A       1%          1
 Foxfire                  Conj/Fire      100%       2x1d9     1%          1
 Freeze                   Ice            100%       1d10      1%          1
 Kiss of Death            Conj/Necr      100%       2d13      1%          1
 Shock                    Conj/Air       100%       1d9       1%          1
 Slow                     Hex            100%       N/A       1%          1
 Summon Small Mammal      Summ           100%       N/A       1%          1
 Call Imp                 Summ           65%        N/A       1%          2
 Ensorcelled Hibernation  Hex/Ice        100%       N/A       1%          2
 Momentum Strike          Conj/Tloc      100%       3d10      1%          2
 Poisonous Vapours        Pois/Air       70%        N/A       1%          2
 Scorch                   Fire           74%        2d8       1%          2
 Static Discharge         Conj/Air       100%       2-7/arc   1%          2
 Call Canine Familiar     Summ           65%        N/A       1%          3
 Dazzling Flash           Conj/Hex       100%       N/A       1%          3
 Mephitic Cloud           Conj/Pois/Air  76%        N/A       1%          3
 Summon Guardian Golem    Hex/Summ       53%        N/A       1%          3
 Flame Wave               Conj/Fire      87%        2d19      1%          4
 Fulminant Prism          Conj/Hex       43%        3d19      1%          4
 Iskenderun's Mystic Bla  Conj/Tloc      81%        2d16      1%          4
 Sticky Flame             Conj/Fire      87%        2d10      1%          4
 Summon Ice Beast         Ice/Summ       64%        N/A       1%          4
 Summon Lightning Spire   Summ/Air       57%        N/A       1%          4
 Cigotuvi's Dreadful Rot  Necr/Pois/Air  60%        N/A       2%          2
 Passwall                 Tmut/Erth      26%        N/A       2%          2
 Apportation              Tloc           42%        N/A       3%          1
 Necrotise                Necr           84%        1d8       3%          1
 Sandblast                Erth           42%        2d11      3%          1
 Confusing Touch          Hex            37%        N/A       3%          3
 Kindle Blastsparks       Fire/Tloc/Air  70%        2d15      3%          3
 Tukima's Dance           Hex            37%        N/A       3%          3
 Vhi's Electric Charge    Tloc/Air       70%        N/A       3%          3
 Ignite Poison            Fire/Tmut/Pois 34%        N/A       4%          3
 Spider Form              Tmut/Pois      32%        N/A       4%          3
 Airstrike                Air            24%        2d(4-20)  4%          4
 Animate Armour           Summ/Erth      94%        N/A       4%          4
 Lesser Beckoning         Tloc           42%        N/A       5%          2
 Sublimation of Blood     Necr           21%        N/A       5%          2
 Portal Projectile        Hex/Tloc       58%        N/A       6%          3
 Gell's Gravitas          Tloc           21%        N/A       11%         3
 Teleport Other           Tloc           21%        N/A       11%         3
 Vampiric Draining        Necr           21%        2d7       11%         3
 Cause Fear               Hex            18%        N/A       11%         4
 Anguish                  Hex/Necr       14%        N/A       19%         4
 Leda's Liquefaction      Hex/Erth       14%        N/A       19%         4
 Animate Dead             Necr           21%        N/A       34%         4
 Dispel Undead            Necr           21%        3d11      34%         4
 Passage of Golubria      Tloc           21%        N/A       34%         4
 Arcjolt                  Conj/Air       45%        1d55      1%          5
 Fireball                 Conj/Fire      43%        3d17      1%          5
 Lightning Bolt           Conj/Air       45%        1d65      1%          5
 Conjure Ball Lightning   Conj/Air       45%        3x3d16    4%          6
 Summon Mana Viper        Hex/Summ       53%        N/A       8%          5
 Starburst                Conj/Fire      43%        6d12      8%          6
 Metabolic Englaciation   Hex/Ice        26%        N/A       9%          5
 Summon Forest            Summ/Tloc      23%        N/A       14%         5
 Iron Shot                Conj/Erth      40%        9d8       14%         6
 Blade Hands              Tmut           21%        N/A       19%         5
 Silence                  Hex/Air        21%        N/A       19%         5
 Yara's Violent Unravell  Hex/Tmut       20%        3d9       24%         5
 Alistair's Intoxication  Tmut/Pois      21%        N/A       41%         5
 Monstrous Menagerie      Summ           32%        N/A       52%         7
 Summon Hydra             Summ           32%        N/A       52%         7
 Ozocubu's Refrigeration  Ice            31%        4d14      58%         7
 Simulacrum               Ice/Necr       22%        N/A       65%         6
 Agony                    Necr           21%        N/A       69%         5
 Borgnjor's Vile Clutch   Necr/Erth      10%        N/A       69%         5
 Lee's Rapid Deconstruct  Erth           10%        3d8*      69%         5
 Eringya's Noxious Bog    Tmut/Pois      16%        N/A       94%         6
 Statue Form              Tmut/Erth      21%        N/A       94%         6
 Dispersal                Tloc           10%        N/A       99%         6
 Dragon Form              Tmut           21%        N/A       99%         7
 Haunt                    Necr/Summ      23%        N/A       99%         7
 Malign Gateway           Summ/Tloc      23%        N/A       99%         7
 Storm Form               Tmut/Air       22%        N/A       99%         7
 Lehudib's Crystal Spear  Conj/Erth      40%        10d10     99%         8
 Summon Horrible Things   Summ           32%        N/A       99%         8
 Enfeeble                 Hex            18%        N/A       100%        7
 Discord                  Hex            18%        N/A       100%        8
 Ignition                 Fire           18%        3d7       100%        8
 Infestation              Necr           10%        N/A       100%        8
 Maxwell's Capacitive Co  Air            24%        ∞         100%        8
 Necromutation            Tmut/Necr      16%        N/A       100%        8
 Chain Lightning          Conj/Air       45%        3d60      100%        9
 Fire Storm               Conj/Fire      43%        8d11      100%        9
 Polar Vortex             Ice            31%        N/A       100%        9
 Shatter                  Erth           10%        3d12*     100%        9


Dungeon Overview and Level Annotations

Branches:
Dungeon (15/15)            Temple (1/1) D:7            Lair (5/5) D:8
  Swamp (4/4) Lair:2       Spider (4/4) Lair:3        Slime (5/5) Lair:4
    Orc (2/2) D:12            Elf (3/3) Orc:2        Vaults (4/5) D:13
  Crypt (0/3) Vaults:2     Depths (4/4) D:15            Zot (1/5) Depths:4
Ossuary (visited)         Volcano (visited)

Altars:
Ashenzari
Cheibriados
Dithmenos
Elyvilon
Fedhas
Gozag
Hepliaklqana
Kikubaaqudgha
Makhleb
Nemelex Xobeh
Okawaru
Qazlal
Ru
Sif Muna
Trog
Uskayaw
Vehumet
Wu Jian
Xom
Yredelemnul
Zin
The Shining One
Lugonu

Shops:
D:4 *(   D:11 *   Orc:2 :[*!   Elf:3 ****=   Vaults:1 (   Vaults:4 !
Depths:2 ((*?

Portals:
Hell: Depths:1 Depths:2 Depths:3 Depths:4
Abyss: Lair:5 Depths:1 Depths:3
Pandemonium: Orc:2 Depths:2
Ziggurat: Depths:2

Annotations:
D:8 exclusion: 2 downstairs
D:10 exclusion: downstairs
Swamp:2 exclusion: downstairs
Elf:2 3 runed translucent doors
Vaults:2 exclusion: downstairs
Zot:1 Vv


Innate Abilities, Weirdness & Mutations

You are too large for most types of armour.
You have tough skin. (AC +1)
You have large cloven feet.
You are partially covered in large bone plates. (SH +4)
Armour fits poorly on your strangely shaped body.
You are frail. (-10% HP)


Message History

The ice encasing you melts away.
The wavering orb of destruction hits Vv!!
Vv is lightly damaged.
Your spellforged servitor conjures an orb of pure magic.
Aiming: Orb of Destruction (mildly dangerous; 1% risk of failure)
Press: ? - help, Q - select action, (/) - cycle Shift-Dir - straight line, f/p - Vv
Aim: Vv (lightly damaged, ally target)
You feel a surge of power!
The wavering orb of destruction hits Vv!!
Vv is moderately damaged.
The orb of destruction hits Vv!!!
Aiming: Orb of Destruction (mildly dangerous; 1% risk of failure)
Press: ? - help, Q - select action, (/) - cycle Shift-Dir - straight line, f/p - Vv
Aim: Vv (magical condensation, heavily damaged, not watching you, ally target)
You feel a surge of power!
The wavering orb of destruction weakly hits Vv!
Vv is severely damaged.
Vv hits you! Vv freezes you!!! You block Vv's attack.
Casting: Orb of Destruction (mildly dangerous; 1% risk of failure)
Confirm with . or Enter, or press ? or * to list all spells.
You feel a surge of power!
Really irradiate near your spellforged servitor?
You erupt in a fountain of uncontrolled magic!
Vv is blasted with magical radiation.
Vv is severely damaged.
Your spellforged servitor is blasted with magical radiation!!
Your spellforged servitor is heavily damaged.
You are very lightly contaminated with residual magic.
Vv hits you. Vv freezes you!!!
* * * LOW HITPOINT WARNING * * *
You block Vv's attack.
Your spellforged servitor conjures an orb of pure magic.
The wavering orb of destruction weakly hits you!!
* * * LOW HITPOINT WARNING * * *
Okay, then.
As you read the scroll of fog, it crumbles to dust.
The scroll dissolves into smoke.
Vv hits you.
* * * LOW HITPOINT WARNING * * *
Vv freezes you!!!
You die...

........#....
........#....
######..#....#######
#.####..#......>...#
...#....#...)......+
...#....'..........#
#.##.##.#.......§§.#
####'##.#######9§§.#
..........#...#§@9§#
..........#...'§§§§#
..........'...#....#
..........#...#....#
####.####'###+#....#
...#'###.........###
...'...#.........#
)..#...#.........#
...#...#.........+


You could see Vv (ally target) and a friendly spellforged servitor (summoned).

Vanquished Creatures
  the Royal Jelly (Slime:5)
  Mara (Swamp:3)
  A juggernaut (Depths:3)
  Saint Roka (Elf:3)
  Frederick (Vaults:3)
  A curse toe (Zot:1)
  Margery (Vaults:4)
  Nikola (Swamp:3)
  5 golden dragons
  Arachne (Spider:3)
  2 bone dragons (Depths:4)
  Jorgrun (D:15)
  3 tentacled monstrosities
  Mlioglotl (Spider:3)
  A deep elf blademaster (Elf:3)
  A titan (Depths:2)
  22 acid blobs
  A lich (Vaults:2)
  3 deep elf master archers (Elf:3)
  A walking divine tome (Depths:3)
  4 sphinxes
  3 tentacled starspawn (Abyss:2)
  Frances (D:13)
  2 storm dragons
  4 tengu reavers
  Kirke (Lair:4)
  2 draconian monks (Zot:1)
  Roxanne (D:15)
  11 azure jellies
  2 fenstrider witches
  A thorn hunter (Swamp:2)
  The ghost of Zoap the Impregnable, a journeyman MiBe of Trog (Orc:1)
  10 rockslimes
  6 emperor scorpions
  10 frost giants
  3 deep elf sorcerers
  A draconian scorcher (Depths:4)
  7 fire giants
  A draconian knight (Depths:4)
  8 ghost moths
  13 vault wardens
  Aizul (Elf:1)
  The ghost of Ganul the Bludgeoner, a journeyman DsGl of Hepliaklqana (D:15)
  A draconian stormcaller (Depths:4)
  10 ironbound preservers
  3 spriggan defenders (Depths:3)
  3 orc warlords
  2 iron dragons
  7 deep elf elementalists
  A reaper (Abyss:2)
  6 ironbound thunderhulks
  A quicksilver ooze (shapeshifter) (D:13)
  3 broodmothers (Spider:4)
  12 quicksilver oozes
  11 stone giants
  21 very ugly things
  A war gargoyle (Vaults:4)
  A draconian annihilator (Zot:1)
  2 vampire knights
  The ghost of Haimeruo the Fighter, a journeyman OgCK of Xom (D:12)
  4 yellow draconians
  Nessos (D:12)
  6 deep elf demonologists (Elf:3)
  A green draconian (Zot:1)
  5 bunyips
  5 eleionomae
  A lorocyproca (Depths:4)
  2 red draconians
  3 white draconians
  7 deep elf annihilators (Elf:3)
  7 dire elephants (Vaults:3)
  A purple draconian (Depths:4)
  3 spark wasps
  An eidolon (Vaults:2)
  2 green deaths (Swamp:4)
  3 entropy weavers
  7 great orbs of eyes
  7 deep elf death magi
  2 merfolk impalers
  Josephine (D:12)
  11 fire dragons
  9 yaktaur captains
  4 deep elf high priests (Elf:3)
  8 ettins
  A shambling mangrove (Swamp:4)
  An ogre mage (D:15)
  6 ice dragons
  8 vault guards
  10 rakshasas
  A peacekeeper (Vaults:4)
  14 hydras
  A demonspawn (Orc:2)
  11 ironbound frosthearts
  3 radroaches
  3 spriggan air magi
  A catoblepas (Lair:1)
  3 ghost crabs
  2 hell beasts (Depths:4)
  4 jorogumos
  5 alligators
  10 centaur warriors
  11 dancing weapons
  13 boulder beetles
  11 two-headed ogres
  Erica (D:10)
  5 deep troll shamans (Depths:2)
  A death scarab (Spider:3)
  5 death yaks (Lair:5)
  6 deep troll earth magi (Depths:2)
  3 vampire magi
  6 tengu warriors
  Urug (Lair:4)
  5 orc high priests (Orc:2)
  7 spriggan berserkers
  8 thrashing horrors
  16 deep elf knights
  27 hell knights
  3 wretched stars (Abyss:2)
  2 sixfirhies
  9 iron trolls
  A sun moth (Spider:4)
  4 salamander mystics
  8 pharaoh ants
  3 goliath frogs
  7 large abominations
  35 deep trolls
  A quicksilver dragon simulacrum (Depths:4)
  A swamp dragon (shapeshifter) (Depths:2)
  4 flayed ghosts
  5 bog bodies
  4 spriggan druids
  Lodul (D:11)
  26 deep elf archers
  4 glowing orange brains
  10 lindwurms
  10 steelbarb worms
  12 swamp dragons
  12 orb spiders
  5 wizards
  4 phantasmal warriors (D:15)
  Pikel (D:7)
  15 ironbound convokers
  A steelbarb worm (shapeshifter) (Lair:5)
  36 deep elf pyromancers
  11 orc knights
  20 wolf spiders
  9 necromancers
  40 ugly things
  3 cyclopes
  A manticore (D:13)
  29 deep elf zephyrmancers
  8 orc sorcerers
  9 salamanders
  3 shining eyes
  6 will-o-the-wisps
  A cyclops (shapeshifter) (D:14)
  Maurice (D:8)
  4 moths of wrath
  A frost giant skeleton (Vaults:1)
  3 eyes of devastation
  A guardian serpent (Abyss:2)
  7 demonic crawlers
  2 black mambas
  A guardian serpent (shapeshifter) (Vaults:2)
  A stone giant skeleton (Vaults:1)
  8 cane toads
  15 vault sentinels
  An unseen horror (D:13)
  5 torpor snails
  2 orange demons (Swamp:4)
  A smoke demon (Abyss:2)
  2 efreet (D:15)
  3 rime drakes
  A kobold demonologist (Depths:4)
  A freezing wraith (D:15)
  12 komodo dragons
  4 tengu conjurers
  45 yaktaurs
  3 ice devils (D:12)
  3 ancient zymes
  16 hornets
  A burning bush (Lair:5)
  A bloated husk (Swamp:1)
  A yaktaur skeleton (Vaults:2)
  2 polar bears
  4 tyrant leeches
  10 meliai
  A troll (shapeshifter) (D:13)
  2 wolf spider simulacra (D:12)
  8 trolls
  A tengu simulacrum (Vaults:2)
  A blink frog (shapeshifter) (Depths:2)
  A raiju (Abyss:2)
  28 tarantellas
  2 dream sheep (Lair:3)
  26 blink frogs
  An ettin zombie (Abyss:2)
  20 culicivoras
  107 slime creatures
  18 water elementals
  2 ynoxinuls (Lair:5)
  15 spriggans
  6 air elementals
  32 jumping spiders
  2 wyverns
  6 centaur simulacra (D:12)
  3 shadows
  6 wraiths
  47 yaks
  7 starcursed masses (Abyss:2)
  4 hogs (Lair:4)
  Grum (D:9)
  12 vampire mosquitoes
  20 fire bats
  9 basilisks
  A steam dragon (Volcano)
  3 fire elementals
  9 golden eyes
  2 human simulacra (Vaults:2)
  56 redbacks
  17 swamp worms
  7 chaos spawn
  2 acid dragons
  Duvessa (D:5)
  16 water moccasins
  16 small abominations
  A glowing shapeshifter skeleton (Vaults:1)
  34 orc warriors
  2 black bears
  2 ice beasts (D:5)
  4 sky beasts (D:13)
  A human zombie (Vaults:2)
  A hornet zombie (Ossuary)
  A centaur (shapeshifter) (Depths:2)
  6 wolves
  8 boggarts
  5 centaurs
  7 ogres
  2 lemures (D:7)
  3 phantoms
  4 earth elementals
  3 kobold brigands
  8 bullfrogs
  2 wyvern zombies (Ossuary)
  A necrophage (D:5)
  2 gnoll sergeants
  A scorpion (D:6)
  A water moccasin zombie (Ossuary)
  5 wights
  Dowan (D:5)
  11 killer bees
  8 howler monkeys
  3 bullfrog zombies (Ossuary)
  A quasit (Abyss:2)
  4 hounds
  3 centaur zombies (Ossuary)
  An iron imp (Abyss:2)
  5 jellies
  23 orc priests
  14 mummies (Ossuary)
  Ijyb (D:3)
  5 iguanas
  16 orc wizards
  Natasha (thrice) (D:4)
  A hell rat (Lair:2)
  A killer bee zombie (Ossuary)
  2 howler monkey zombies (Ossuary)
  7 gnolls
  6 adders
  4 river rats (Lair:3)
  2 white imps
  3 worms
  2 dart slugs (D:1)
  70 orcs
  3 ball pythons
  3 endoplasms
  3 giant cockroaches
  5 goblins
  7 hobgoblins
  6 jackals (D:3)
  7 quokkas
  5 bats
  4 frilled lizards
  12 kobolds
  6 rats
  2 bushes
  A starspawn tentacle (Abyss:2)
1950 creatures vanquished.

Vanquished Creatures (collateral kills)
  A tentacled monstrosity (Zot:1)
  A daeva (Abyss:2)
  A draconian stormcaller (Zot:1)
  A green draconian (Zot:1)
  A bunyip (Swamp:2)
  3 purple draconians (Zot:1)
  A great orb of eyes (Vaults:4)
  2 hydras
  A rakshasa (D:13)
  4 two-headed ogres
  A dancing weapon (Elf:1)
  A hell knight (Vaults:4)
  An orc knight (Orc:2)
  An ugly thing (D:12)
  A black mamba (Lair:3)
  2 cane toads
  2 trolls
  5 blink frogs
  8 dream sheep
  3 slime creatures (D:14)
  An air elemental (D:13)
  3 wraiths
  7 yaks
  A basilisk (Lair:4)
  2 vampire mosquitoes
  2 water moccasins
  A sky beast (D:6)
  4 orc warriors (Orc:2)
  A hornet zombie (Ossuary)
  2 ogres (D:11)
  A wolf (Lair:2)
  3 bullfrogs
  A scorpion (D:6)
  A wight (D:8)
  2 killer bees (Lair:3)
  A bullfrog zombie (Ossuary)
  3 orc priests
  A jelly (Lair:4)
  2 iguanas (D:7)
  2 mummies (Ossuary)
  3 orc wizards
  A hell rat (Lair:3)
  A killer bee zombie (Ossuary)
  4 gnolls
  3 river rats (Lair:3)
  A white imp (D:7)
  7 orcs
  2 endoplasms (Lair:4)
  A kobold (D:6)
105 creatures vanquished.

Vanquished Creatures (others)
  A deep elf blademaster (Elf:3)
  A quicksilver dragon (Zot:1)
  A fire giant (Depths:1)
  2 bloated husks
  A golden eye (Abyss:2)
  A fire bat (Depths:4)
  A small abomination (Abyss:2)
  An orc wizard (D:8)
  A fire vortex (Slime:5)
  14 foxfires
  49 fungi
  119 plants
  13 starspawn tentacles (Abyss:2)
  7 withered plants (Ossuary)
212 creatures vanquished.

Grand Total: 2267 creatures vanquished

Notes
Turn   | Place    | Note
-------+----------+-------------------------------------------
     0 | D:1      | ragingrage the Ogre Ice Elementalist began the quest for
                  | the Orb.
     0 | D:1      | Reached XP level 1. HP: 16/16 MP: 3/3
   208 | D:1      | Reached XP level 2. HP: 23/24 MP: 1/5
  1100 | D:2      | Identified the +3 robe of Tepumneun {rC- Str+3 Int+6}
  1248 | D:2      | Reached XP level 3. HP: 31/31 MP: 4/6
  1374 | D:2      | Learned a level 3 spell: Frozen Ramparts
  1393 | D:2      | Learned a level 3 spell: Ozocubu's Armour
  2604 | D:3      | Reached XP level 4. HP: 38/39 MP: 8/8
  2634 | D:3      | Found a blossoming altar of Fedhas.
  2648 | D:3      | Noticed Ijyb
  2662 | D:3      | Killed Ijyb
  2741 | D:3      | Found Fon Hed's Jewellery Boutique.
  2951 | D:3      | Noticed a golden eye
  2953 | D:3      | Found a faded altar of an unknown god.
  2989 | D:3      | Noticed an eye of devastation
  2989 | D:3      | Noticed a great orb of eyes
  2989 | D:3      | Noticed a shining eye
  3020 | D:3      | Reached skill level 5 in Ice Magic
  3545 | D:3      | Reached XP level 5. HP: 43/45 MP: 3/10
  3833 | D:4      | Reached skill level 5 in Spellcasting
  3889 | D:4      | Reached skill level 1 in Fighting
  3889 | D:4      | Reached XP level 6. HP: 57/57 MP: 3/13
  3974 | D:4      | Found Oxink's Gadget Gallery.
  3983 | D:4      | Reached skill level 2 in Fighting
  4103 | D:4      | Found Ojisyfim's Weapon Emporium.
  4141 | D:4      | Noticed a black bear
  4147 | D:4      | Killed a black bear
  4148 | D:4      | Reached skill level 4 in Fighting
  4215 | D:4      | Noticed Natasha
  4222 | D:4      | Killed Natasha
  4403 | D:4      | Reached skill level 5 in Fighting
  4458 | D:4      | Reached XP level 7. HP: 74/74 MP: 8/14
  4819 | D:4      | Noticed Natasha
  4823 | D:4      | Killed Natasha
  4824 | D:4      | Reached skill level 6 in Fighting
  5060 | D:4      | Noticed Natasha
  5069 | D:4      | Killed Natasha
  5196 | D:5      | Entered Level 5 of the Dungeon
  5279 | D:5      | Noticed Duvessa
  5279 | D:5      | Noticed Dowan
  5293 | D:5      | Killed Duvessa
  5294 | D:5      | Reached skill level 7 in Fighting
  5302 | D:5      | Killed Dowan
  5413 | D:5      | Found a sand-covered staircase.
  5431 | D:5      | Learned a level 4 spell: Summon Ice Beast
  5432 | Ossuary  | Entered an ossuary
  5454 | Ossuary  | Reached skill level 8 in Fighting
  5545 | Ossuary  | Reached skill level 1 in Summonings
  5545 | Ossuary  | Reached XP level 8. HP: 62/88 MP: 4/15
  5855 | Ossuary  | Reached skill level 9 in Fighting
  6012 | Ossuary  | Reached XP level 9. HP: 88/100 MP: 10/18
  6596 | D:5      | Reached skill level 10 in Fighting
  6971 | D:5      | Learned a level 3 spell: Inner Flame
  7325 | D:6      | Found a hide-covered altar of Uskayaw.
  7325 | D:6      | Noticed a +0 dagger
  7325 | D:6      | Noticed a +0 falchion
  7326 | D:6      | Noticed a +0 spear
  7329 | D:6      | Noticed a +0 falchion
  7331 | D:6      | Reached skill level 1 in Hexes
  7331 | D:6      | Reached skill level 1 in Fire Magic
  7352 | D:6      | Noticed a +0 spear
  7385 | D:6      | Noticed a +0 short sword
  7483 | D:6      | Noticed a +0 dagger
  7486 | D:6      | Noticed a +0 short sword
  7596 | D:6      | Found a shadowy altar of Dithmenos.
  7596 | D:6      | Found an ornate altar of the Wu Jian Council.
  7596 | D:6      | Found a stormy altar of Qazlal.
  7912 | D:6      | Reached skill level 11 in Fighting
  8275 | D:7      | Noticed Pikel
  8288 | D:7      | Killed Pikel
  8289 | D:7      | Reached skill level 12 in Fighting
  8443 | D:7      | Found a shimmering altar of Xom.
  8443 | D:7      | Found a shimmering altar of Xom.
  8446 | D:7      | Found a shimmering altar of Xom.
  8447 | D:7      | Found a shimmering altar of Xom.
  8448 | D:7      | Found a shimmering altar of Xom.
  8626 | D:7      | Reached XP level 10. HP: 117/117 MP: 15/19
  9046 | D:7      | Found a staircase to the Ecumenical Temple.
  9205 | Temple   | Entered the Ecumenical Temple
  9398 | Temple   | Became a worshipper of Sif Muna the Loreminder
  9647 | D:8      | Found a staircase to the Lair.
  9668 | D:8      | Reached skill level 13 in Fighting
 10921 | D:8      | Found a hazy altar of Hepliaklqana.
 11110 | D:8      | Noticed Maurice
 11250 | D:8      | Killed Maurice
 11251 | D:8      | Reached skill level 14 in Fighting
 11990 | D:9      | Noticed Grum
 12445 | D:9      | Killed Grum
 12496 | D:9      | Reached * piety under Sif Muna
 12716 | D:9      | Found a glowing silver altar of Zin.
 12838 | D:9      | Reached skill level 1 in Invocations
 13058 | D:9      | Reached skill level 15 in Fighting
 13366 | D:9      | Reached XP level 11. HP: 132/132 MP: 10/23
 13506 | D:10     | Entered Level 10 of the Dungeon
 13777 | D:10     | Identified the +2 robe "Ibbeqem" {Str-5 Int+5}
 14052 | D:10     | Noticed a two-headed ogre
 14070 | D:10     | Killed a two-headed ogre
 14312 | D:10     | Noticed a two-headed ogre
 14319 | D:10     | Killed a two-headed ogre
 14366 | D:10     | Noticed a two-headed ogre
 14382 | D:10     | Killed a two-headed ogre
 14383 | D:10     | Reached skill level 5 in Invocations
 14739 | D:10     | Reached skill level 5 in Dodging
 14996 | D:10     | Found a radiant altar of Vehumet.
 15043 | D:10     | Reached ** piety under Sif Muna
 15255 | D:10     | Found an ancient bone altar of Kikubaaqudgha.
 15368 | D:10     | Found an opulent altar of Gozag.
 15437 | D:10     | Noticed Erica
 15445 | D:10     | Killed Erica
 15706 | D:11     | Noticed a two-headed ogre
 15706 | D:11     | Noticed a two-headed ogre
 15737 | D:11     | Found Negod's Elemental Accessories.
 15777 | D:11     | Killed a two-headed ogre
 16022 | D:11     | Killed a two-headed ogre
 16023 | D:11     | Reached XP level 12. HP: 141/141 MP: 1/25
 16438 | D:11     | Noticed a boulder beetle
 16479 | D:11     | Killed a boulder beetle
 16480 | D:11     | Reached skill level 10 in Spellcasting
 16709 | D:11     | Identified the amulet "Melomunn" {Spirit Dex+3}
 16769 | D:11     | Noticed Lodul
 16784 | D:11     | Killed Lodul
 17093 | Lair:1   | Entered Level 1 of the Lair of Beasts
 17282 | Lair:1   | Learned a level 4 spell: Ice Form
 17533 | Lair:1   | Noticed a catoblepas
 17589 | Lair:1   | Killed a catoblepas
 17699 | Lair:1   | You fall into a shaft and drop 1 floor!
 17933 | Lair:1   | Reached skill level 1 in Armour
 18164 | Lair:1   | Got the Encyclopedia of Gaseous Bewitchment
 18813 | Lair:1   | Reached *** piety under Sif Muna
 19342 | Lair:2   | Reached XP level 13. HP: 119/152 MP: 17/27
 21117 | Lair:3   | Reached **** piety under Sif Muna
 21284 | Lair:3   | Reached skill level 16 in Fighting
 21414 | Lair:3   | Found a hole to the Spider Nest.
 21580 | Lair:3   | Identified a scroll of acquirement
 21580 | Lair:3   | Acquired the +9 demon blade of Hard Scrabble {elec, rCorr
                  | Int+4}
 21881 | Lair:3   | Paralysed by a hornet for 3 turns
 22369 | Lair:4   | Noticed Kirke
 22473 | Lair:4   | Noticed Urug
 22474 | Lair:4   | Found a dark tunnel.
 22490 | Lair:4   | Killed Urug
 22536 | Volcano  | Entered a volcano
 22625 | Volcano  | Noticed a fire dragon
 22633 | Volcano  | Reached skill level 1 in Long Blades
 22638 | Volcano  | Killed a fire dragon
 23087 | Lair:4   | Reached skill level 5 in Stealth
 23133 | Lair:4   | Killed Kirke
 23133 | Lair:4   | Reached ***** piety under Sif Muna
 23134 | Lair:4   | Reached skill level 5 in Armour
 23391 | Lair:4   | Reached XP level 14. HP: 144/162 MP: 24/29
 23454 | Lair:4   | Received a gift from Sif Muna
 23566 | Lair:4   | Found a staircase to the Slime Pits.
 23994 | Lair:5   | Entered Level 5 of the Lair of Beasts
 24303 | Lair:5   | Reached skill level 5 in Long Blades
 24963 | Lair:5   | Reached skill level 1 in Evocations
 25699 | D:12     | Found a staircase to the Orcish Mines.
 25979 | D:12     | Found a runed translucent gate.
 25980 | D:12     | Found a runed translucent gate.
 25981 | D:12     | Found a runed translucent gate.
 26043 | D:12     | Noticed Nessos
 26051 | D:12     | Killed Nessos
 26110 | D:12     | Noticed Haimeruo's ghost (journeyman OgCK)
 26477 | D:12     | Noticed Josephine
 26514 | D:12     | Killed Josephine
 27032 | D:11     | Bought the Codex of Clouds for 528 gold pieces
 27038 | D:11     | Learned a level 5 spell: Freezing Cloud
 27239 | D:13     | Reached skill level 10 in Invocations
 27614 | D:13     | Reached skill level 1 in Conjurations
 27634 | D:13     | Reached skill level 1 in Air Magic
 28307 | D:13     | Paralysed by an air elemental for 1 turns
 28310 | D:13     | Paralysed by an air elemental for 1 turns
 28791 | D:13     | Reached XP level 15. HP: 170/170 MP: 15/31
 28878 | D:13     | Noticed Frances
 28894 | D:13     | Killed Frances
 29454 | D:13     | Found a gate to the Vaults.
 30258 | D:14     | Received a gift from Sif Muna
 30259 | D:14     | Got Sif Muna's Compilation of the Winter and Violence {god
                  | gift}
 30821 | D:14     | Found a white marble altar of Elyvilon.
 31646 | D:15     | Entered Level 15 of the Dungeon
 31943 | Orc:1    | Entered Level 1 of the Orcish Mines
 32028 | Orc:2    | Entered Level 2 of the Orcish Mines
 32135 | Orc:2    | Found a staircase to the Elven Halls.
 33221 | Orc:2    | Found Bevvinep's General Store.
 33298 | Orc:2    | Found Omamu Paumug's Distillery.
 33472 | Orc:2    | Bought a throwing net for 45 gold pieces
 33474 | Orc:2    | Bought a potion of brilliance for 40 gold pieces
 33673 | Orc:2    | Reached skill level 5 in Evocations
 34286 | Orc:2    | Received a gift from Sif Muna
 34287 | Orc:2    | Got Sif Muna's Elucidation of Hindering Darkness {god gift}
 34326 | Orc:2    | Found Herhaifi's Antique Armour Emporium.
 34326 | Orc:2    | Found Tazer's Book Shoppe.
 34327 | Orc:2    | Found a one-way gate leading to the halls of Pandemonium.
 34479 | Orc:1    | Noticed an orc warlord
 34858 | Orc:1    | Found a runed translucent door.
 34858 | Orc:1    | Noticed Zoap's ghost (journeyman MiBe)
 35115 | Orc:1    | Killed an orc warlord
 35392 | Orc:1    | Found a shimmering altar of Xom.
 36021 | Lair:2   | Reached XP level 16. HP: 179/179 MP: 22/32
 36194 | Lair:2   | Found a staircase to the Swamp.
 36904 | Lair:5   | Reached skill level 5 in Conjurations
 36904 | Lair:5   | Reached skill level 5 in Air Magic
 37474 | Lair:5   | Found a corrupted altar of Lugonu.
 37474 | Lair:5   | Found a one-way gate to the infinite horrors of the Abyss.
 37919 | Swamp:1  | Entered Level 1 of the Swamp
 37924 | Swamp:1  | Received a gift from Sif Muna
 38385 | Swamp:1  | Got Sif Muna's Directory of Petrified Conflagration {god
                  | gift}
 38722 | Swamp:1  | Noticed a fenstrider witch
 38753 | Swamp:1  | Killed a fenstrider witch
 39539 | Swamp:1  | Learned a level 3 spell: Hailstorm
 40069 | Swamp:2  | Identified the +1 pair of gloves of Intuition {Rampage
                  | rCorr}
 40680 | Swamp:2  | Noticed a thorn hunter
 40691 | Swamp:2  | Killed a thorn hunter
 41181 | Swamp:3  | Noticed Mara
 41190 | Swamp:3  | Killed Mara
 41343 | Swamp:3  | Reached XP level 17. HP: 142/187 MP: 15/34
 41570 | Swamp:3  | Identified the +1 ring mail of Ziuqoa {*Corrode rPois Will-
                  | Int+8}
 41926 | Swamp:3  | Noticed Nikola
 42495 | Swamp:3  | Acquired the +1 hat of Intercession {Int+4}
 42937 | Spider:1 | Entered Level 1 of the Spider Nest
 44036 | Spider:1 | Received a gift from Sif Muna
 44037 | Spider:1 | Got Sif Muna's Omnibus of Concussion and the Sky {god gift}
 44045 | Spider:1 | Learned a level 3 spell: Swiftness
 44824 | Spider:1 | HP: 3/187 [something (8)]
 45386 | D:15     | Noticed Roxanne
 45430 | D:15     | Noticed Jorgrun
 45529 | D:14     | Learned a level 3 spell: Stone Arrow
 45535 | D:14     | Learned a level 5 spell: Iskenderun's Battlesphere
 45697 | D:15     | Killed Jorgrun
 46170 | Orc:2    | Bought a manual of Shields for 1200 gold pieces
 46643 | D:15     | Reached skill level 1 in Shields
 46991 | D:15     | Found a staircase to the Depths.
 47235 | D:15     | Found a runed translucent gate.
 47235 | D:15     | Found a runed translucent gate.
 47238 | D:15     | Found a runed translucent gate.
 47239 | D:15     | Noticed Ganul's ghost (journeyman DsGl)
 48044 | Elf:1    | Entered Level 1 of the Elven Halls
 48069 | Elf:1    | Paralysed by an air elemental for 1 turns
 48131 | Elf:1    | Reached skill level 5 in Shields
 48428 | Elf:1    | Reached XP level 18. HP: 111/196 MP: 19/36
 48851 | Elf:1    | Reached skill level 10 in Shields
 49237 | Elf:1    | Noticed Aizul
 49246 | Elf:1    | Killed Aizul
 49580 | Elf:1    | Paralysed by an air elemental for 1 turns
 49821 | Elf:1    | Received a gift from Sif Muna
 49822 | Elf:1    | Got Sif Muna's Grimoire of Weathered Hyperthermia {god
                  | gift}
 49877 | Elf:1    | Paralysed by an air elemental for 1 turns
 49883 | Elf:1    | Paralysed by an air elemental for 1 turns
 52729 | Elf:2    | Found a runed translucent gate.
 52730 | Elf:2    | Found a runed translucent gate.
 52730 | Elf:2    | Found a runed translucent gate.
 52856 | Elf:3    | Entered Level 3 of the Elven Halls
 52862 | Elf:3    | Found Tuqeluar's Jewellery Shoppe.
 52865 | Elf:3    | Paralysed by an air elemental for 1 turns
 52985 | Elf:3    | Noticed Saint Roka
 52985 | Elf:3    | Found an ancient bone altar of Kikubaaqudgha.
 53091 | Elf:3    | Killed Saint Roka
 53108 | Elf:3    | Noticed a deep elf blademaster
 53426 | Elf:3    | Noticed a deep elf blademaster
 53491 | Elf:3    | Paralysed by an air elemental for 1 turns
 53495 | Elf:2    | Paralysed by an air elemental for 1 turns
 53499 | Elf:2    | Paralysed by an air elemental for 1 turns
 53712 | Elf:2    | Reached skill level 10 in Conjurations
 53856 | Elf:3    | Noticed a deep elf master archer
 53860 | Elf:3    | Killed a deep elf master archer
 54036 | Elf:3    | Reached XP level 19. HP: 167/204 MP: 21/37
 54115 | Elf:3    | Identified the +10 war axe of the Wonderful God {protect,
                  | rN+}
 54414 | Elf:3    | Found Xuroutin's Assorted Antiques.
 54417 | Elf:3    | Found Jielysau's Assorted Antiques.
 54417 | Elf:3    | Found Docahahe's Assorted Antiques.
 54422 | Elf:3    | Found Paehatala's Assorted Antiques.
 54431 | Elf:3    | Bought a scroll of fear for 88 gold pieces
 54447 | Elf:3    | Received a gift from Sif Muna
 54448 | Elf:3    | Got Sif Muna's Incunable of Blasting {god gift}
 54529 | Elf:3    | Paralysed by an air elemental for 1 turns
 55093 | Abyss:2  | Cast into level 2 of the Abyss (a deep elf demonologist)
 55201 | Abyss:2  | Found a corrupted altar of Lugonu.
 55299 | Elf:3    | Escaped the Abyss
 55302 | Elf:3    | Noticed a Brimstone Fiend
 56136 | Abyss:2  | Cast into level 2 of the Abyss (a deep elf demonologist)
 56153 | Abyss:2  | Noticed a bone dragon
 56797 | Abyss:2  | Found a corrupted altar of Lugonu.
 57026 | Elf:3    | Escaped the Abyss
 57249 | Elf:3    | Identified the +6 broad axe of Lajeepopn {protect, Contam
                  | Fly rElec SInv}
 57708 | Elf:3    | Upgraded the game from 0.30-a0-696-g2367cd04db to
                  | 0.30-a0-702-gdf48620a09
 57823 | Elf:3    | Identified the +1 buckler "Ginaxiecash" {rPois rC- Dex+4}
 57833 | Elf:3    | Reached skill level 10 in Dodging
 58129 | Elf:3    | Identified the ring "Azxuzaq" {rN+ Will+ rCorr Int+5}
 58623 | Elf:3    | Got the Treatise on the Friendly Nimbus
 58714 | Elf:3    | Got the Secrets of Sinister Spells
 58740 | Elf:3    | Learned a level 7 spell: Orb of Destruction
 59448 | Swamp:3  | Killed Nikola
 59448 | Swamp:3  | Received a gift from Sif Muna
 59449 | Swamp:3  | Got Iworubic's Vademecum on Energy {god gift}
 59558 | Swamp:4  | Entered Level 4 of the Swamp
 59859 | Swamp:4  | Reached skill level 1 in Transmutations
 61240 | Swamp:4  | Reached skill level 10 in Long Blades
 61240 | Swamp:4  | Reached XP level 20. HP: 213/213 MP: 14/38
 61454 | Swamp:4  | Found the +2 cloak of the Thief {*Fog Slay-2 SInv Stlth+}
 62379 | Swamp:4  | Got a decaying rune of Zot
 62681 | Lair:4   | Learned a level 5 spell: Irradiate
 64150 | Spider:2 | Received a gift from Sif Muna
 65462 | Spider:3 | Noticed Arachne
 65475 | Spider:3 | Noticed Mlioglotl
 66015 | Vaults:1 | Entered Level 1 of the Vaults
 66015 | Vaults:1 | Found Naef's Weapon Boutique.
 68026 | Vaults:1 | Received a gift from Sif Muna
 68027 | Vaults:1 | Got Sif Muna's Opusculum on Sidekicks and the Icicle {god
                  | gift}
 69269 | Vaults:1 | HP: 1/213 [vault warden/+0 great sword (13)]
 70143 | Vaults:2 | Reached XP level 21. HP: 177/222 MP: 23/39
 72079 | Vaults:2 | Reached skill level 10 in Evocations
 72227 | Vaults:2 | Found a staircase to the Crypt.
 73662 | Vaults:2 | Received a gift from Sif Muna
 73663 | Vaults:2 | Got Sif Muna's Even More Mysticism {god gift}
 78335 | Vaults:3 | Identified the +8 plate armour of Zicid {Fly rPois rC+
                  | Stlth+}
 79547 | Vaults:3 | Reached skill level 15 in Conjurations
 79805 | Vaults:3 | Noticed Frederick
 79812 | Vaults:3 | Killed Frederick
 80817 | Vaults:4 | Reached XP level 22. HP: 234/234 MP: 26/40
 81952 | Vaults:4 | Noticed Margery
 81962 | Vaults:4 | Killed Margery
 82066 | Vaults:4 | Found Selout's Distillery.
 82072 | Vaults:4 | Bought a potion of curing for 48 gold pieces
 82072 | Vaults:4 | Bought a potion of magic for 128 gold pieces
 82144 | Vaults:4 | Received a gift from Sif Muna
 83947 | Depths:1 | Entered Level 1 of the Depths
 84355 | Depths:1 | Reached skill level 17 in Fighting
 84620 | D:15     | Killed Ganul's ghost
 85123 | D:12     | Killed Haimeruo's ghost
 85257 | D:12     | Acquired the +5 hat of Integrity {Harm rElec rC-}
 85409 | D:15     | Killed Roxanne
 85714 | Orc:1    | Killed Zoap's ghost
 86054 | D:15     | Reached skill level 18 in Fighting
 86615 | Elf:3    | Bought ichor-stained fire dragon scales for 1755 gold
                  | pieces
 86615 | Elf:3    | Identified the +5 fire dragon scales of Focus {rF++ rC-
                  | Dex+3} (You bought it in a shop on level 3 of the Elven
                  | Halls)
 86633 | Elf:3    | Learned a level 4 spell: Ice Form
 86960 | Depths:1 | Received a gift from Sif Muna
 86961 | Depths:1 | Got Sif Muna's Papyrus of Forceful Invitation {god gift}
 87139 | Depths:1 | Identified the +7 hand axe "Neukhlu" {pain, rElec Str+3}
 88388 | Depths:1 | Reached skill level 19 in Fighting
 88707 | Depths:1 | Found a gateway to Hell.
 88817 | Depths:2 | Noticed a golden dragon
 88905 | Depths:2 | Found Memue's Antique Weapon Emporium.
 89434 | Depths:2 | Killed a golden dragon
 89435 | Depths:2 | Reached skill level 20 in Fighting
 89819 | Depths:2 | Reached XP level 23. HP: 254/254 MP: 26/41
 90402 | Depths:2 | Identified the +1 robe "Toczek" {rPois rC- Will- Str+6}
 90403 | Depths:2 | Found Maxzuji's Assorted Antiques.
 90437 | Depths:2 | Bought a scroll of blinking for 330 gold pieces
 90489 | Depths:2 | Found a one-way gateway to a ziggurat.
 90644 | Depths:2 | Bought a jewelled scimitar for 342 gold pieces
 90644 | Depths:2 | Identified the +4 scimitar of Rijyi {antimagic, Dex+3} (You
                  | bought it in a shop on level 2 of the Depths)
 90690 | Depths:2 | Found Vutoshu's Magic Scroll Boutique.
 90696 | Depths:2 | Bought a scroll of teleportation for 54 gold pieces
 90696 | Depths:2 | Bought a scroll of teleportation for 54 gold pieces
 90746 | Depths:2 | Found Aruwaoq's Weapon Boutique.
 92762 | Depths:2 | an iron giant changed into a caustic shrike
 92762 | Depths:2 | Noticed a caustic shrike (glowing shapeshifter)
 92767 | Depths:2 | a caustic shrike changed into an iron giant
 92771 | Depths:2 | an iron giant changed into a caustic shrike
 92771 | Depths:2 | Noticed a caustic shrike (glowing shapeshifter)
 92775 | Depths:2 | a caustic shrike changed into a shadow dragon
 93750 | Depths:2 | Noticed a golden dragon
 93753 | Depths:2 | Killed a golden dragon
 95122 | Depths:3 | Received a gift from Sif Muna
 96173 | Depths:3 | Reached skill level 5 in Summonings
 96234 | Depths:3 | Noticed a juggernaut
 96240 | Depths:3 | Killed a juggernaut
 97827 | Depths:3 | Noticed a golden dragon
 97859 | Depths:3 | Killed a golden dragon
 98123 | Depths:3 | Noticed a golden dragon
 98222 | Depths:3 | Killed a golden dragon
 98446 | Depths:4 | Entered Level 4 of the Depths
 99087 | Depths:4 | Identified the +0 chain mail "Teow" {Contam +Blink Will+}
 99148 | Depths:4 | Reached skill level 15 in Invocations
100220 | Depths:4 | Received a gift from Sif Muna
101127 | Depths:4 | Identified the ring "Napleups" {Ice +Blink rPois Int-5
                  | Stlth+}
101380 | Depths:4 | Found a gate to the Realm of Zot.
101433 | Depths:4 | Reached skill level 15 in Spellcasting
101685 | Depths:4 | Reached XP level 24. HP: 265/265 MP: 15/42
101818 | Depths:4 | Identified the +6 scale mail of Zulocs {rElec rPois rC-
                  | rN+}
102110 | Depths:4 | Identified the +7 trident of Rubbish {heavy, Fragile rF+
                  | rCorr Dex+3}
104749 | Elf:3    | Bought a glimmering scimitar for 297 gold pieces
104749 | Elf:3    | Identified the +7 scimitar of Deformation {heavy, Stlth+}
                  | (You bought it in a shop on level 3 of the Elven Halls)
105055 | Spider:3 | Killed Arachne
105860 | Spider:3 | Killed Mlioglotl
106346 | Spider:3 | Received a gift from Sif Muna
106354 | Spider:3 | Learned a level 2 spell: Wereblood
107182 | Spider:4 | Entered Level 4 of the Spider Nest
110951 | Spider:4 | Received a gift from Sif Muna
110952 | Spider:4 | Got Sif Muna's Monograph on Transmogrification and
                  | Interference {god gift}
111324 | Spider:4 | Got a gossamer rune of Zot
111542 | Slime:1  | Entered Level 1 of the Pits of Slime
112425 | Slime:2  | Gained mutation: Armour fits poorly on your strangely
                  | shaped body. [a shining eye]
112428 | Slime:2  | Gained mutation: You are partially covered in large bone
                  | plates. (SH +4) [a shining eye]
113869 | Slime:4  | Gained mutation: You are frail. (-10% HP) [a shining eye]
114161 | Slime:4  | Received a gift from Sif Muna
114823 | Slime:5  | Entered Level 5 of the Pits of Slime
114840 | Slime:5  | Reached XP level 25. HP: 217/245 MP: 5/43
116173 | Slime:5  | Noticed the Royal Jelly
116181 | Slime:5  | Killed the Royal Jelly
116362 | Slime:5  | Gained mutation: You have large cloven feet. [a shining
                  | eye]
116755 | Slime:5  | Got a slimy rune of Zot
116764 | Slime:5  | Acquired 477 gold pieces
116777 | Slime:5  | Identified the +1 chain mail of Kasytas {Str+3}
116794 | Slime:5  | Reached XP level 26. HP: 254/254 MP: 43/43
116829 | Slime:5  | Identified the +5 ice dragon scales "Ilanimn" {-Tele Fly
                  | rF- rC++ Str+8}
116863 | Slime:5  | Identified the +1 glaive of Greed {freeze, Dex+2}
117357 | Depths:4 | Learned a level 7 spell: Spellforged Servitor
117358 | Zot:1    | Entered Level 1 of the Realm of Zot
118117 | Zot:1    | Noticed Vv
118290 | Zot:1    | Received a gift from Sif Muna
118291 | Zot:1    | Got Wuuhid's Almanac of Dynamic Lava {god gift}
118498 | Zot:1    | Annihilated by Vv

Illustrated notes

Levels and vault maps discovered:
D:1:      minmay_arrival_radiant_lines, layout_loops_corners,
          kennysheep_nondescript
D:2:      layout_loops_corners
D:3:      layout_loops_ring, fedhas_altar_3, serial_shops,
          nicolae_shop_advertising_works [nicolae_subvault_shop_adworks],
          hellmonk_ecumenical_altar_watching_god, uniq_ijyb
D:4:      minmay_skewed_foursquare, layout_basic, serial_shops,
          nicolae_shop_window_shopping, nicolae_shop_gadgets, uniq_natasha
D:5:      layout_basic, enter_ossuary_1, uniq_duvessa
D:6:      layout_loops_cross, nicolae_uskayaw_en_pointe,
          gammafunk_temple_overflow_forgotten, minmay_unpleasant_kobolds
D:7:      layout_basic, xom_redecorated, temple_hall, uniq_pikel
D:8:      black_bear_nest_2, layout_layer_cave, mainiacjoe_overflow_alcove_4,
          david_lair_shrubbed, uniq_maurice
D:9:      layout_basic, mainiacjoe_overflow_surrounded_room, uniq_grum
D:10:     layout_roguey, mainiacjoe_overflow_alcove_1,
          nicolae_gozag_cash_rules_everything_around_me,
          mainiacjoe_overflow_24_doors, minmay_joined_circles, uniq_erica
D:11:     layout_long_grid, nicolae_elemental_shop, amethyst_killhole,
          uniq_lodul
D:12:     layout_roguey, david_orc_2, gammafunk_ghost_icy,
          kennysheep_generic_room_5, uniq_josephine, uniq_nessos
D:13:     layout_irregular_city, lightli_vaults_fourway_checkpoint,
          nrook_campfire, dreamdust_looks_like_rain, uniq_frances
D:14:     layout_loops_cross, elyvilon_altar_4, einodemon_crawler_minivault
D:15:     grunt_enter_depths_snipers, layout_loops_ring,
          gammafunk_ghost_spectres, corexii_leaking_fountain, billiards_dpeg,
          uniq_roxanne, uniq_jorgrun
Temple:   bh_familiar_temple
Lair:1:   layout_cave_pods, serial_bayou_shore_b
Lair:2:   layout_small_grid, palyth_hydra_swamp_entry,
          infiniplex_staircase_pool_2
Lair:3:   cheibrodos_lair_overgrown_chateau, layout_loops_ring,
          hellmonk_spider_entry_not_the_bees, kennysheep_rathole
Lair:4:   layout_regular_city, nicolae_slime_entry_slimehenge,
          nicolae_volcano_entry_two_sided, uniq_kirke, uniq_urug
Lair:5:   hellmonk_lair_end_abyssal_woods, layout_regular_city, evilmike_ambush
          [evilmike_ambush_outer_corners, evilmike_ambush_inner_basic]
Swamp:1:  layout_basic_swamp, evilmike_swamp_ruin_house_4
Swamp:2:  layout_falls_marsh, nicolae_swamp_small_spring
Swamp:3:  layout_falls_marsh, serial_swamp_ruin, evilmike_swamp_ruin_house_5,
          evilmike_swamp_ruin_house_3, evilmike_swamp_ruin_house_6, swamp_pool3,
          uniq_mara, uniq_nikola
Swamp:4:  swamp_vile, layout_basic_swamp
Spider:1: layout_spider_delve, hangedman_spider_tarantella_strand
Spider:2: layout_spider_delve, drop_trap
Spider:3: nicolae_spider_hall_of_the_moth_king, uniq_mlioglotl, uniq_arachne
Spider:4: guppyfry_spider_rune
Slime:1:  layout_caves
Slime:2:  layout_caves
Slime:3:  layout_caves, nicolae_slime_crime_time
Slime:4:  layout_caves
Slime:5
Orc:1:    layout_caves, gammafunk_ghost_grave, basic_altar
Orc:2:    pf_orc_diabolical, layout_caves
Elf:1:    layout_geoelf_diagonals, evilmike_minifort, minmay_elf_sorcery,
          uniq_aizul
Elf:2:    nicolae_elf_blades_crystal_corner, layout_geoelf_octagon,
          grunt_megastairs_4, uniq_asterion
Elf:3:    minmay_elf_hall_furrowed, layout_loops_ring, basic_altar,
          serial_shops, shop, lemuel_flamethrower_3, minmay_shoptagon,
          uniq_saint_roka
Vaults:1: ontoclasm_vaults_water_temple, hangedman_vaults_capsules, v_misc_9,
          vaults_room_semicircle, grunt_vaults_hallway_short,
          ontoclasm_vaults_loading_screen, hangedman_vaults_trim,
          layout_vaults_quadrants, serial_shops, nicolae_shop_hallway_stairs
Vaults:2: minmay_crypt_entry_simple_box, v_rooms_5, dpeg_vaults_hating_casters,
          hangedman_vaults_stitches, v_misc_28, v_misc_31,
          nicolae_vaults_circle_grid_b, nicolae_vaults_little_ls,
          layout_vaults_maze_snakey
Vaults:3: v_misc_14, v_misc_9, v_misc_15, vaults_mumra_hexcomb,
          nicolae_vaults_big_ls, v_alt_pattern_2, ontoclasm_vaults_twist,
          nicolae_vaults_little_squares_2, vaults_dpeg_ring,
          nicolae_vaults_stairing_the_circle, layout_vaults_omnicross,
          uniq_mennas, uniq_frederick
Vaults:4: nicolae_vaults_mini_display_case, vaults_room_door_hall,
          hangedman_vaults_corner_blocks, v_pattern_5, dpeg_vaults_monster_box,
          v_rooms_1, vaults_room_boxed, ontoclasm_vaults_shuriken,
          ontoclasm_vaults_ligature, ontoclasm_vaults_gateway,
          layout_vaults_big_room, serial_shops, nicolae_shop_trees, uniq_margery
Depths:1: layout_cave_pools, serial_bayou, serial_bayou_shore_a,
          serial_bayou_shore_b, serial_bayou_pond_b, serial_bayou_lake_a,
          serial_bayou_pond_a, serial_bayou_lagoon_b, pf_hell_entry_tar_spiral,
          abyss_entry_crystal, amcnicky_mini_rare_corridor_liquid,
          evilmike_butchery
Depths:2: cell_vault, layout_cave_pools, enter_ziggurat_e, hell_entry,
          serial_shops, nicolae_diamond_shop, nicolae_shop_stone, shop,
          kennysheep_little_box, marbit_kobold_abyss_entry, pan_entry
Depths:3: minmay_sliced_demisemicircle, layout_cave_pools,
          grunt_decor_arrowhead, hell_entry, abyss_entry, nicolae_burly_brawl,
          infiniplex_staircase_x
Depths:4: grunt_zot_entry_pinwheel, layout_basic, grunt_mini_vestibule,
          kennysheep_flooded_box, nrook_mini_backslash,
          nrook_kobold_shadow_demons
Zot:1:    layout_gridville, grunt_ministairs_15, uniq_vv

Skill      XL: |  1  2  3  4  5  6  7  8  9 10 11 12 13 14 15 16 17 18 19 20 21 22 23 24 25 |
---------------+----------------------------------------------------------------------------+-----
Ice Magic      | 4 5 6 7 8 9 |  9.0
Spellcasting   | 3 5 6 8 9 10 11 12 13 14 15 16 | 16.0
Fighting       | 1 5 8 9 12 15 16 20 | 20.0
Summonings     | 1 3 6 9 |  9.5
Hexes          | 2 3 |  3.0
Fire Magic     | 2 3 |  3.0
Invocations    | 3 9 10 11 12 14 15 16 | 16.0
Dodging        | 5 6 7 8 10 11 12 | 12.0
Armour         | 2 5 7 |  7.4
Stealth        | 3 5 6 7 |  7.0
Long Blades    | 2 7 8 9 10 11 12 | 12.0
Evocations     | 3 5 7 8 9 11 12 13 14 | 14.5
Conjurations   | 2 4 5 8 10 12 13 15 17 18 | 18.0
Air Magic      | 2 4 5 |  5.0
Shields        | 8 13 14 | 14.4
Transmutations | 2 4 |  4.0

Action                   |  1- 3 |  4- 6 |  7- 9 | 10-12 | 13-15 | 16-18 | 19-21 | 22-24 | 25-27 || total
-------------------------+-------+-------+-------+-------+-------+-------+-------+-------+-------++-------
Melee: Unarmed           |     3 |       |       |       |       |       |       |       |       ||     3
       Short sword       |    11 |    39 |   208 |   180 |    36 |       |       |       |       ||   474
       Punch             |       |       |     5 |     1 |     6 |     2 |       |       |       ||    14
       Demon blade       |       |       |       |       |   370 |   383 |   479 |   392 |    71 ||  1695
       Staff             |       |       |       |       |     5 |       |     2 |    15 |     5 ||    27
       Eudemon blade     |       |       |       |       |       |       |    25 |    83 |       ||   108
       Kick              |       |       |       |       |       |       |       |       |    18 ||    18
Throw: Dart              |       |     1 |       |    11 |     5 |       |       |       |       ||    17
       Throwing net      |       |       |       |     1 |       |     1 |     2 |       |       ||     4
       Boomerang         |       |       |       |       |       |     3 |       |       |       ||     3
       Large rock        |       |       |       |       |       |     6 |     2 |     1 |       ||     9
 Cast: Freeze            |    31 |       |     1 |     5 |       |       |       |       |       ||    37
       Ozocubu's Armour  |     8 |    17 |    34 |    55 |    66 |    24 |    11 |       |       ||   215
       Frozen Ramparts   |     6 |    20 |    41 |    56 |    69 |     1 |     1 |     1 |     1 ||   196
       Summon Ice Beast  |       |       |    21 |    69 |    88 |    10 |       |       |       ||   188
       Inner Flame       |       |       |       |    47 |    48 |       |     1 |       |       ||    96
       Ice Form          |       |       |       |     1 |       |       |       |     1 |       ||     2
       Freezing Cloud    |       |       |       |       |   130 |   287 |   191 |    15 |     1 ||   624
       Hailstorm         |       |       |       |       |       |     4 |     1 |       |     1 ||     6
       Fire Storm        |       |       |       |       |       |     1 |       |       |     1 ||     2
       Stone Arrow       |       |       |       |       |       |   139 |   396 |    15 |       ||   550
       Iskenderun's Batt |       |       |       |       |       |    51 |   116 |     3 |       ||   170
       Irradiate         |       |       |       |       |       |       |    12 |    42 |     2 ||    56
       Orb of Destructio |       |       |       |       |       |       |   124 |   631 |    57 ||   812
       Swiftness         |       |       |       |       |       |       |       |     2 |       ||     2
       Spellforged Servi |       |       |       |       |       |       |       |       |     8 ||     8
Invok: Divine Exegesis   |       |       |       |       |       |     1 |       |       |     1 ||     2
Evoke: Wand              |       |       |    13 |     1 |     3 |     4 |     4 |     6 |       ||    31
       Lightning rod     |       |       |       |       |     7 |     1 |     3 |       |       ||    11
       Tin of tremorston |       |       |       |       |       |     4 |     6 |     8 |     2 ||    20
       Box of beasts     |       |       |       |       |       |     3 |     4 |     4 |       ||    11
       Condenser vane    |       |       |       |       |       |       |     3 |     5 |       ||     8
       Phial of floods   |       |       |       |       |       |       |     3 |       |       ||     3
  Use: Scroll            |       |       |    10 |     7 |     9 |     9 |     9 |     1 |     2 ||    47
       Potion            |       |       |     1 |     2 |       |    10 |     3 |       |     1 ||    17
 Stab: Sleeping          |     1 |       |       |       |     2 |     1 |       |       |       ||     4
       Distracted        |       |       |       |     1 |     1 |       |       |       |       ||     2
       Paralysed         |       |       |       |       |     6 |       |     1 |       |       ||     7
Armor: Robe              |     8 |    22 |   121 |    85 |   160 |    49 |   110 |   130 |    22 ||   707
       Swamp dragon scal |       |       |       |       |       |    99 |       |       |       ||    99
       Troll leather arm |       |       |       |       |       |       |     7 |       |       ||     7
Dodge: Dodged            |    14 |    12 |    77 |   103 |   405 |   310 |   337 |   328 |    45 ||  1631
Block: Other             |       |       |     2 |    26 |       |       |       |       |       ||    28
       Reflection        |       |       |       |     6 |       |       |       |       |       ||     6
       Kite shield       |       |       |       |       |       |    53 |   356 |   297 |    78 ||   784

Table legend: (Time is in decaauts)
 A = Elapsed time spent in this place.
 B = Non-inter-level travel time spent in this place.
 C = Inter-level travel time spent in this place.
 D = Time resting spent in this place.
 E = Time spent auto-exploring this place.
 F = Levels seen in this place.
 G = Mean time per level.
                   A        B        C        D        E       F      G
               +--------+--------+--------+--------+--------+-----+--------+
         Total | 118394 | 110025 |   8369 |  59007 |  34156 |  52 | 2276.8 |
       Dungeon |  29266 |  25605 |   3661 |   9358 |  12291 |  15 | 1951.1 |
        Temple |    218 |    138 |     80 |      0 |    135 |   1 |  218.0 |
          Lair |  11263 |   9981 |   1282 |   3748 |   4353 |   5 | 2252.6 |
         Swamp |   7682 |   7548 |    134 |   4223 |   2339 |   4 | 1920.5 |
   Spider Nest |  11409 |  11200 |    209 |   7481 |   2099 |   4 | 2852.2 |
    Slime Pits |   5197 |   5034 |    163 |   3026 |   1349 |   5 | 1039.4 |
  Orcish Mines |   4251 |   3761 |    490 |   1689 |   1388 |   2 | 2125.5 |
   Elven Halls |  10602 |   9661 |    941 |   5602 |   2373 |   3 | 3534.0 |
        Vaults |  17520 |  16725 |    795 |  10802 |   3785 |   4 | 4380.0 |
        Depths |  17526 |  16915 |    611 |  11150 |   3717 |   4 | 4381.5 |
           Zot |   1133 |   1133 |      0 |    844 |    132 |   1 | 1133.0 |
         Abyss |   1075 |   1075 |      0 |    475 |      0 |   2 |  537.5 |
       Ossuary |    846 |    846 |      0 |    461 |    120 |   1 |  846.0 |
       Volcano |    400 |    400 |      0 |    145 |     75 |   1 |  400.0 |
               +--------+--------+--------+--------+--------+-----+--------+

Top non-repeatable levels by time:
Depths:4: 5559 daAuts
Vaults:2: 5363 daAuts
Depths:2: 5299 daAuts
Vaults:1: 4555 daAuts
Vaults:3: 4520 daAuts
    D:15: 3906 daAuts
   Elf:3: 3882 daAuts
Depths:3: 3600 daAuts
Spider:4: 3577 daAuts
   Elf:2: 3489 daAuts
   Elf:1: 3229 daAuts
Spider:3: 3217 daAuts
    D:13: 3207 daAuts
Vaults:4: 3081 daAuts
Depths:1: 3067 daAuts
